 Dungeon Crawl Stone Soup version 0.21-a0-142-gdd972a7 (webtiles) character file.

5886 tehllama the Geomancer (level 10, -1/58 HPs)
             Began as a Gargoyle Earth Elementalist on July 21, 2017.
             Was a Priest of Vehumet.
             Slain by Snorg (18 damage)
             ... on level 10 of the Dungeon.
             The game lasted 00:31:05 (9085 turns).

tehllama the Geomancer (GrEE)                       Turns: 9085, Time: 00:31:05

Health: -1/58      AC: 10    Str: 11    XL:     10   Next: 82%
Magic:  9/27       EV: 13    Int: 20    God:    Vehumet [***...]
Gold:   504        SH:  8    Dex: 10    Spells: 10/20 levels left

rFire    . . .     SeeInvis .   y - +3 flail (crush)
rCold    . . .     Gourm    .   x - +1 buckler
rNeg     + . .     Faith    .   c - +0 robe
rPois    ∞         Spirit   .   (no helmet)
rElec    +         Reflect  +   (no cloak)
rCorr    .         Harm     .   (no gloves)
MR       +....                  t - +0 pair of boots
Stlth    ++........             N - +3 amulet of reflection
HPRegen  0.19/turn              i - ring of magical power
MPRegen  0.20/turn              f - ring of protection from magic

@: no status effects
A: negative energy resistance 1, electricity resistance, unbreathing,
petrification resistance, rot immunity, AC +7
a: Renounce Religion


You were on level 10 of the Dungeon.
You worshipped Vehumet.
Vehumet was most pleased with you.
You were not hungry.

You visited 2 branches of the dungeon, and saw 11 of its levels.
You also visited: Bailey.

You collected 504 gold pieces.

Inventory:

Hand Weapons
 m - a cursed -3 mace
 y - a +3 flail of crushing (weapon)
 Q - a +4 flail
Missiles
 b - 307 stones (quivered)
Armour
 c - a +0 robe (worn)
 t - a +0 pair of boots (worn)
 x - a +1 buckler (worn)
Magical Staves
 l - an uncursed staff of conjuration {unknown}
Jewellery
 f - a ring of protection from magic (right hand)
 g - an uncursed ring of protection from fire
 i - a ring of magical power (left hand)
 q - an uncursed ring of magical power
 v - an uncursed ring of flight
 E - an uncursed amulet of magic regeneration
 N - a +3 amulet of reflection (around neck)
Wands
 F - a wand of clouds (5/9)
 K - a wand of polymorph (13/24)
 M - a wand of paralysis (11/24)
 O - a wand of random effects (29/48)
Scrolls
 j - 4 scrolls of recharging
 p - 3 scrolls of magic mapping
 z - 2 scrolls of teleportation
 B - 2 scrolls of enchant weapon
 C - 3 scrolls of fog
 G - 4 scrolls of remove curse
 H - a scroll of fear {unknown}
 J - a scroll of amnesia
 L - a scroll of enchant armour
Potions
 a - 2 potions of might
 k - 6 potions of curing
 u - 2 potions of invisibility {unknown}
 w - a potion of agility {unknown}
 A - a potion of lignification {unknown}
 I - a potion of experience {unknown}
Books
 e - a book of Geomancy

   Spells                             Type                      Level
   a - Sandblast                      Earth                        1
   b - Passwall                       Transmutation/Earth          2
   c - Stone Arrow                    Conjuration/Earth            3
   d - Petrify                        Transmutation/Earth          4
   e - Lee's Rapid Deconstruction     Earth                        5
 D - a book of Misfortune

   Spells                             Type                      Level
   a - Confusing Touch                Hexes                        1
   b - Confuse                        Hexes                        3
   c - Gell's Gravitas                Translocation                3
   d - Petrify                        Transmutation/Earth          4
   e - Metabolic Englaciation         Hexes/Ice                    5
   f - Yara's Violent Unravelling     Hexes/Transmutation          5
Comestibles
 d - 11 bread rations
 h - 4 royal jellies
 n - 8 meat rations
 o - a chunk of flesh
 s - 13 fruits


   Skills:
 + Level 4.3 Fighting
 + Level 4.0 Maces & Flails
 + Level 5.0 Armour
 + Level 4.0 Dodging
 - Level 2.1 Stealth
 - Level 4.0 Shields
 + Level 5.9 Spellcasting
 + Level 6.6 Conjurations
   Level 0.7 Transmutations
 * Level 6.6 Fire Magic
 + Level 8.2 Earth Magic


You had 10 spell levels left.
You knew the following spells:

 Your Spells              Type           Power        Failure   Level  Hunger
a - Sandblast             Erth           #####.       1%          1    None
b - Stone Arrow           Conj/Erth      #####.       1%          3    ##.....
c - Lee's Rapid Deconstr  Erth           #####.....   2%          5    #####..
d - Flame Tongue          Conj/Fire      ####.        1%          1    None


Dungeon Overview and Level Annotations

Branches:
Dungeon (10/15)            Temple (1/1) D:4            Lair (0/6) D:10
    Orc: D:9-12

Altars:
Ashenzari
Dithmenos
Elyvilon
Fedhas
Gozag
Hepliaklqana
Kikubaaqudgha
Makhleb
Nemelex Xobeh
Okawaru
Qazlal
Ru
Sif Muna
Trog
Uskayaw
Vehumet
Xom
Yredelemnul
Zin
The Shining One

Annotations:
D:10 Snorg


Innate Abilities, Weirdness & Mutations

You are resistant to torment.
Your stone body is resilient. (AC +7)
You are immune to poison.
You resist negative energy. (rN+)
You are resistant to electric shocks. (rElec)
You can survive without breathing.
You are immune to petrification.
You are immune to rotting.


Message History

Confirm with . or Enter, or press ? or * to list all spells.
Aiming: Sandblast
Press: ? - help, Shift-Dir - straight line, f/p - Snorg
Aim: Snorg (severely wounded, berserk, fast, unusually strong)
The blast of sand hits Snorg.
Snorg is severely wounded.
b - 308 stones Snorg bites you but does no damage.
Snorg barely misses you.
You block Snorg's attack. x2; Snorg claws you.
* * * LOW HITPOINT WARNING * * *
Snorg barely misses you.
Casting: Sandblast
Confirm with . or Enter, or press ? or * to list all spells.
Aiming: Sandblast
Press: ? - help, Shift-Dir - straight line, f/p - Snorg
Aim: Snorg (severely wounded, berserk, fast, unusually strong)
The blast of sand misses Snorg.
b - 307 stones Snorg barely misses you.
You block Snorg's attack. Snorg claws you!!
You die...

#...'.#.........
#..Y#................#
#...#####'####.......+
#...#...(....#..%....##
#
#...#........#.........
.
#...##.......#........#
.
##...##.......#........#
.
.......(......#.T......#
.
.....##.##.'###.@......#
.
.....#.................#
.
.....####.....####.....#
.
.....##.........##......
. .....#........P..#
###+# #
........P..........
####.......>........
..............PP....
.###.#...........#..
.....


You could see Snorg (berserk).

Vanquished Creatures
  Erica (D:8)
  The ghost of sscrono2 the Slicer, a novice OpAs of Ru (D:8)
  2 hippogriffs
  A basilisk (D:10)
  Menkaure (D:6)
  Edmund (D:6)
  4 ice beasts
  2 orc warriors (Bailey)
  2 sky beasts
  A black bear (D:7)
  2 phantoms
  4 ogres
  3 centaurs
  2 big kobolds (D:7)
  7 bullfrogs
  3 scorpions
  A water moccasin skeleton (D:8)
  7 wights
  4 crimson imps
  2 howler monkeys
  9 hounds
  A quasit (D:9)
  9 orc priests
  A jelly (D:9)
  An iguana (D:7)
  Jessica (D:2)
  4 orc wizards
  4 worker ants
  2 killer bee zombies
  A hound zombie (D:9)
  A worker ant zombie (D:10)
  A howler monkey skeleton (D:9)
  9 adders
  2 shadow imps
  An ooze (D:1)
  An adder zombie (D:7)
  An adder skeleton (D:9)
  4 worms
  A dart slug (D:1)
  5 leopard geckos
  22 orcs
  5 bats
  2 giant cockroaches
  5 goblins
  5 hobgoblins
  8 jackals
  A quokka (D:7)
  6 frilled lizards
  2 jackal skeletons (D:4)
  12 kobolds
  A leopard gecko skeleton (D:6)
  8 rats
187 creatures vanquished.

Notes
Turn   | Place    | Note
-------+----------+-------------------------------------------
     0 | D:1      | tehllama the Gargoyle Earth Elementalist began the quest for the Orb.
     0 | D:1      | Reached XP level 1. HP: 10/10 MP: 3/3
   215 | D:1      | Reached XP level 2. HP: 15/15 MP: 3/5
   221 | D:1      | Reached skill level 4 in Earth Magic
   829 | D:1      | Reached XP level 3. HP: 17/19 MP: 7/7
   847 | D:1      | Learned a level 3 spell: Stone Arrow
  1096 | D:2      | Noticed Jessica
  1098 | D:2      | Killed Jessica
  1098 | D:2      | Reached skill level 1 in Conjurations
  1170 | D:2      | Reached XP level 4. HP: 20/24 MP: 8/8
  1907 | D:3      | You fall through a shaft!
  1911 | D:4      | Found a burning altar of Makhleb.
  1936 | D:4      | Found a staircase to the Ecumenical Temple.
  1946 | Temple   | Entered the Ecumenical Temple
  1979 | Temple   | Became a worshipper of Vehumet
  2005 | D:4      | Reached skill level 5 in Earth Magic
  2005 | D:4      | Reached XP level 5. HP: 22/28 MP: 9/9
  2693 | D:3      | Found a white marble altar of Elyvilon.
  2698 | D:3      | Found a stormy altar of Qazlal.
  2705 | D:3      | Found a hazy altar of Hepliaklqana.
  2763 | D:3      | Learned a level 5 spell: Lee's Rapid Deconstruction
  2847 | D:4      | Reached XP level 6. HP: 32/32 MP: 11/11
  3106 | D:4      | Reached skill level 6 in Earth Magic
  3222 | D:4      | Reached * piety under Vehumet
  3222 | D:4      | Offered knowledge of Flame Tongue by Vehumet.
  3226 | D:4      | Learned a level 1 spell: Flame Tongue
  3485 | D:4      | Found an ancient bone altar of Kikubaaqudgha.
  3489 | D:4      | Reached XP level 7. HP: 27/36 MP: 13/13
  3793 | D:5      | Entered Level 5 of the Dungeon
  4164 | D:5      | Reached skill level 1 in Fire Magic
  4323 | D:6      | Reached skill level 1 in Armour
  4330 | D:6      | Reached skill level 1 in Shields
  4369 | D:6      | Noticed Edmund
  4380 | D:5      | Reached skill level 1 in Fighting
  4598 | D:5      | Reached XP level 8. HP: 43/43 MP: 13/14
  4661 | D:6      | Killed Edmund
  4661 | D:6      | Reached skill level 1 in Maces & Flails
  5131 | D:6      | Noticed Menkaure
  5138 | D:6      | Killed Menkaure
  5235 | D:6      | Found a shimmering altar of Xom.
  5239 | D:6      | Noticed an angel
  5241 | D:6      | Found a glowing silver altar of Zin.
  5392 | D:6      | Offered knowledge of Shock by Vehumet.
  5394 | D:6      | Reached ** piety under Vehumet
  5583 | D:7      | Reached skill level 7 in Earth Magic
  5657 | D:7      | Reached XP level 9. HP: 47/49 MP: 4/16
  5665 | D:7      | Reached skill level 5 in Conjurations
  5801 | D:7      | Reached skill level 5 in Spellcasting
  5981 | D:7      | Offered knowledge of Throw Frost by Vehumet.
  6427 | D:8      | Noticed sscrono2's ghost (novice OpAs)
  6454 | D:8      | Killed sscrono2's ghost
  6454 | D:8      | Reached skill level 5 in Fire Magic
  6667 | D:8      | Reached XP level 10. HP: 56/56 MP: 18/18
  6964 | D:8      | Found a flagged portal.
  6969 | D:8      | Noticed Erica
  6975 | D:8      | Killed Erica
  6992 | Bailey   | Entered a bailey
  6992 | Bailey   | Noticed an orc knight
  6993 | Bailey   | Noticed an orc knight
  7006 | Bailey   | Reached *** piety under Vehumet
  7008 | Bailey   | Noticed ishanyx's ghost (novice MfGl)
  7288 | D:8      | Found a glowing golden altar of the Shining One.
  7537 | D:9      | Reached skill level 8 in Earth Magic
  8006 | D:9      | Offered knowledge of Dazzling Spray by Vehumet.
  8398 | D:10     | Entered Level 10 of the Dungeon
  8479 | D:10     | Found a staircase to the Lair.
  8479 | D:10     | Noticed a death yak
  8491 | D:10     | Reached skill level 5 in Armour
  9071 | D:10     | Noticed Snorg
  9085 | D:10     | Slain by Snorg

Vault maps used:
D:1:      minmay_arrival_five_plusses
D:2:      first_bread, uniq_jessica
D:3:      grunt_temple_overflow_diamond
D:4:      bloody_makhleb, marbit_many_paths, minmay_temple_entry_statues_pillars
D:6:      grunt_temple_overflow_order_and_chaos_1, uniq_edmund, uniq_menkaure
D:8:      cheibrodos_iron_armory, lemuel_coloured_pillars_altar, enter_bailey_2,
          uniq_erica
D:9:      grunt_ogre_cave
D:10:     david_lair_generic, minmay_checkerbox, uniq_snorg
Temple:   nicolae_temple_great_sept
Bailey:   bailey_polearm_4, bailey

Skill      XL: |  1  2  3  4  5  6  7  8  9 10 |
---------------+-------------------------------+-----
Earth Magic    | 4 5 6 7 8 |  8.2
Conjurations   | 1 2 3 4 5 6 |  6.6
Spellcasting   | 3 4 5 |  5.9
Fire Magic     | 2 3 5 6 |  6.6
Armour         | 1 2 4 5 |  5.0
Shields        | 1 2 3 4 |  4.0
Fighting       | 1 2 3 4 |  4.3
Dodging        | 2 3 4 |  4.0
Maces & Flails | 2 3 4 |  4.0
Stealth        | |  2.1
Transmutations | |  0.7

Action                   |  1- 3 |  4- 6 |  7- 9 | 10-12 || total
-------------------------+-------+-------+-------+-------++-------
Melee: Club              |    58 |    43 |       |       ||   101
       Unarmed           |     7 |       |       |       ||     7
       Flail             |       |    19 |    25 |     9 ||    53
 Cast: Sandblast         |    17 |    47 |    48 |     7 ||   119
       Stone Arrow       |       |    22 |    82 |    72 ||   176
       Lee's Rapid Decon |       |       |    14 |    14 ||    28
  Use: Scroll            |       |    14 |     5 |     3 ||    22
       Potion            |       |     1 |     1 |     3 ||     5
 Stab: Sleeping          |       |       |     2 |       ||     2
  Eat: Chunk             |     1 |     9 |    19 |     9 ||    38
       Meat ration       |       |       |       |     1 ||     1
Armor: Robe              |    27 |    38 |    32 |    13 ||   110
Dodge: Dodged            |    51 |    76 |    75 |    28 ||   230
Block: Buckler           |       |       |       |    19 ||    19
